 Dungeon Crawl Stone Soup version 0.18.1-48-g4cf74bf (webtiles) character file.

104988 rockintein the Executioner (level 15, 0/217 HPs)
             Began as a Minotaur Berserker on July 10, 2016.
             Was the Champion of Trog.
             Slain by nikopol's ghost (16 damage)
             ... on level 2 of the Orcish Mines.
             The game lasted 00:58:46 (33329 turns).

rockintein the Executioner (Minotaur Berserker)    Turns: 33329, Time: 00:58:47

Health: 0/217      AC: 19    Str: 31    XL:     15   Next: 93%
Magic:  1/23       EV:  8    Int:  4    God:    Trog [******]
Gold:   1935       SH: 14    Dex: 12    Spells: 0 memorised, 14 levels left

rFire  . . .     SeeInvis .     b - +8 broad axe "Aniogg" {holy, MR+ MP+9}
rCold  . . .     Gourm    .     N - +3 chain mail {rPois}
rNeg   . . .     Faith    .     i - +2 shield
rPois  +         Spirit   .     (helmet restricted)
rElec  .         Dismiss  .     P - +0 cloak
rCorr  .         Reflect  .     (no gloves)
SustAt .         Harm     .     F - +0 pair of boots
MR     ++++.                    (no amulet)
Stlth  ..........               y - ring of protection from magic
                                m - ring of protection from magic

@: berserking, drained, very quick, incredibly resistant to hostile
enchantments, extremely unstealthy
A: retaliatory headbutt, horns 2
a: Berserk, Trog's Hand, Brothers in Arms, Burn Spellbooks, Renounce Religion


You were on level 2 of the Orcish Mines.
You worshipped Trog.
Trog was exalted by your worship.
You were hungry.

You visited 4 branches of the dungeon, and saw 26 of its levels.
You also visited: Labyrinth and Volcano.

You collected 2096 gold pieces.
You spent 161 gold pieces at shops.

Inventory:

Hand Weapons
 b - the +8 broad axe "Aniogg" (weapon) {holy, MR+ MP+9}
   (You acquired it on level 8 of the Dungeon)

   It has been blessed by the Shining One to cause great damage to the undead
   and demons.
   It affects your resistance to hostile enchantments.
   It affects your magic capacity (+9).
 s - a +5 morningstar of flaming
 z - the +10 executioner's axe of True Grit {speed, rElec rPois rC- Int+3 Dex+4}
   (Trog gifted it to you on level 6 of the Lair of Beasts)

   Attacks with this weapon are significantly faster.
   It affects your intelligence (+3).
   It affects your dexterity (+4).
   It makes you vulnerable to cold.
   It insulates you from electricity.
   It protects you from poison.
Armour
 i - a +2 shield (worn)
 x - a fire dragon hide
 F - a +0 pair of boots (worn)
 N - a +3 chain mail of poison resistance (worn)
 O - a +0 large shield
 P - a +0 cloak (worn)
Jewellery
 m - a ring of protection from magic (left hand)
 o - the ring "Gukinyug" {+Inv Stlth+, unknown}
   (You took it off a kobold demonologist on level 13 of the Dungeon)

   [ring of stealth]

   It lets you turn invisible.
   It makes you more stealthy.
 y - a ring of protection from magic (right hand)
Wands
 q - a wand of disintegration (17/24)
Scrolls
 a - 8 scrolls of remove curse
 h - 8 scrolls of teleportation
 l - 8 scrolls of identify
 r - 3 scrolls of blinking
 t - 2 scrolls of enchant weapon
 w - a scroll of fog
Potions
 d - 2 potions of haste
 e - 11 potions of curing
 g - 4 potions of flight
 k - a potion of agility
 n - 2 potions of berserk rage
 p - 4 potions of resistance
Comestibles
 c - 13 bread rations
 f - 7 fruits
 j - 6 meat rations
 v - 2 royal jellies
 A - 2 slices of pizza


   Skills:
 + Level 16.6(15.2) Fighting
 * Level 22.1(20.6) Axes
 - Level 15.3(14.0) Armour
 - Level 2.1(1.2) Dodging
 + Level 8.0(6.9) Shields


You had 14 spell levels left.
You didn't know any spells.

Dungeon Overview and Level Annotations

Branches:
Dungeon (15/15)            Temple (1/1) D:6            Lair (8/8) D:8
  Swamp (0/4) Lair:6       Spider (0/4) Lair:3        Slime (0/6) Lair:7
    Orc (2/2) D:9             Elf (0/3) Orc:2        Vaults (0/5) D:13
 Depths (0/5) D:15

Altars:
Ashenzari
Cheibriados
Dithmenos
Elyvilon
Fedhas
Gozag
Kikubaaqudgha
Makhleb
Nemelex Xobeh
Okawaru
Pakellas
Qazlal
Ru
Sif Muna
Trog
Vehumet
Xom
Yredelemnul
Zin
The Shining One

Shops:
D:14 ?

Annotations:
D:15 exclusion: ice statue
Orc:2 nikopol's ghost, adept MiBe


Innate Abilities, Weirdness & Mutations

You reflexively headbutt those who attack you in melee.
You have a pair of horns on your head.


Message History

Nikopol's ghost whispers, "The ORB doesn't exist."
Nikopol's ghost hits you!!
* * * LOW HITPOINT WARNING * * *
You miss nikopol's ghost. Your headbutt misses nikopol's ghost.
Nikopol's ghost is moderately damaged.
Your shield and chain mail prevent you from hitting the orc wizard.
The orc wizard is moderately wounded.
The orc wizard hits you but does no damage.
You hit nikopol's ghost.
Nikopol's ghost convulses.
Your headbutt misses nikopol's ghost.
Nikopol's ghost is moderately damaged.
You slash the orc wizard!
You feel the power of Trog in you as your rage grows.
You kill the orc wizard!
Trog accepts your kill. Something appears at your feet! Trog grants you a gift!
Trog appreciates your killing of a magic user.
Nikopol's ghost hits you!
You die...

.. .#...# ...#.
.....# ..#...
.....## ..>...
.......#
.....o....$....#
........#.....#
........)#)..##
....##..)@....#
.........W...##
<.......).....#
......).))##..#
......)<...#...#
..#.##......#.##
# #.......##
....#...##
....#.....#


You could see nikopol's ghost and an orc.

Vanquished Creatures
  Snorg (Lair:3)
  An ettin (D:14)
  4 vault guards (D:13)
  A minotaur (Lab)
  A fire dragon (D:13)
  An ogre mage (D:15)
  The ghost of junkhipster the Blocker, a journeyman GrFi of Cheibriados (D:12)
  10 hydras
  A death knight (D:15)
  2 catoblepae
  2 centaur warriors
  2 tengu warriors (D:14)
  4 death yaks
  A hell knight (D:15)
  5 skeletal warriors
  A lindwurm (Lair:7)
  4 unseen horrors
  9 hill giants
  A statue (Volcano)
  2 orc knights
  2 orc sorcerers
  8 ugly things
  A wizard (D:12)
  2 deep elf magi
  5 griffons
  A manticore (D:13)
  7 cyclopes
  An oklob plant (Lair:8)
  A toenail golem (Volcano)
  3 black mambas
  A smoke demon (Volcano)
  Psyche (D:8)
  17 elephants
  2 gargoyles
  9 spiny frogs
  A kobold demonologist (D:13)
  7 komodo dragons
  A yaktaur (D:13)
  An efreet (D:14)
  4 tengu conjurers
  2 spriggan druids (Lair:8)
  6 trolls
  7 polar bears
  Prince Ribbit (D:8)
  A two-headed ogre (D:12)
  10 blink frogs
  3 slime creatures
  2 shadows
  9 spriggans (Lair:8)
  4 centaur simulacra
  A redback (Lair:8)
  A wraith (D:14)
  2 basilisks (Lair:3)
  2 vampires
  7 wyverns
  74 yaks
  3 fire bats (Volcano)
  A human (D:13)
  2 steam dragons
  11 hippogriffs
  6 hungry ghosts
  7 vampire mosquitoes
  A mottled dragon (D:12)
  17 water moccasins
  11 porcupines
  3 hell hounds
  18 orc warriors
  11 black bears
  2 eyes of draining
  3 ice beasts
  2 sky beasts
  6 wasps
  11 ogres
  A phantom (D:8)
  29 wolves
  14 centaurs
  14 crocodiles
  2 big kobolds (D:12)
  24 giant frogs
  An earth elemental (Lab)
  4 scorpions
  13 killer bees
  13 wights
  2 howler monkeys
  A lava snake (Volcano)
  6 centaur zombies
  10 crimson imps
  3 giant frog zombies
  19 orc priests
  17 hounds
  8 jellies
  8 centaur skeletons
  15 orc wizards
  6 giant frog skeletons
  17 iguanas
  4 hell rats (Lair:4)
  14 worker ants
  20 sheep
  A hound skeleton (D:7)
  A howler monkey zombie (D:10)
  3 worker ant zombies
  6 gnolls
  16 adders
  91 river rats
  8 shadow imps
  An ooze (D:1)
  An adder skeleton (D:9)
  5 worms
  3 dart slugs
  5 giant geckos
  73 orcs
  9 giant cockroaches
  9 goblins
  11 hobgoblins
  9 jackals
  22 kobolds
  2 quokkas
  2 ball pythons
  9 bats
  A giant gecko skeleton (D:4)
  7 giant newts
  3 jackal skeletons
  A quokka skeleton (D:8)
  12 rats
  12 fungi
  4 plants
968 creatures vanquished.

Vanquished Creatures (others)
  The ghost of pedritolo the Covert, a novice SpEn of Ashenzari (Volcano)
  An orc wizard (Orc:1)
  An orc (D:13)
  9 fungi
  20 plants
32 creatures vanquished.

Grand Total: 1000 creatures vanquished

Notes
Turn   | Place    | Note
--------------------------------------------------------------
     0 | D:1      | rockintein the Minotaur Berserker began the quest for the Orb.
     0 | D:1      | Reached XP level 1. HP: 19/19 MP: 0/0
   252 | D:1      | Reached XP level 2. HP: 13/27 MP: 1/1
   486 | D:1      | Reached skill level 4 in Axes
   723 | D:1      | Reached XP level 3. HP: 29/33 MP: 2/2
   776 | D:1      | Reached ** piety under Trog
  1530 | D:2      | Found a snail-covered altar of Cheibriados.
  1559 | D:2      | Found an iron altar of Okawaru.
  1619 | D:2      | Reached XP level 4. HP: 40/40 MP: 3/3
  1726 | D:3      | Reached skill level 5 in Axes
  1837 | D:3      | Found a shattered altar of Ashenzari.
  1998 | D:3      | Reached *** piety under Trog
  2054 | D:3      | Found a snail-covered altar of Cheibriados.
  2106 | D:3      | Found a glowing golden altar of the Shining One.
  2347 | D:3      | Reached XP level 5. HP: 42/47 MP: 4/4
  2391 | D:3      | Received a gift from Trog
  2689 | D:4      | Reached skill level 6 in Axes
  2826 | D:4      | Reached skill level 5 in Fighting
  2839 | D:4      | Reached XP level 6. HP: 49/56 MP: 5/5
  3383 | D:4      | Reached **** piety under Trog
  3715 | D:4      | Reached skill level 5 in Armour
  3834 | D:4      | Reached skill level 7 in Axes
  4116 | D:5      | Entered Level 5 of the Dungeon
  4234 | D:5      | Reached XP level 7. HP: 61/61 MP: 6/6
  4486 | D:5      | Found a deep blue altar of Sif Muna.
  4556 | D:5      | Found a bloodstained altar of Trog.
  4575 | D:5      | Reached skill level 8 in Axes
  4884 | D:5      | You fall through a shaft for 2 floors!
  5018 | D:5      | You fall through a shaft for 2 floors!
  5329 | D:6      | Found a staircase to the Ecumenical Temple.
  5439 | D:6      | Reached XP level 8. HP: 61/71 MP: 7/7
  5593 | D:6      | Reached skill level 9 in Axes
  6230 | D:7      | Found a glowing silver altar of Zin.
  6357 | D:7      | Found a shadowy altar of Dithmenos.
  6410 | D:7      | Found a bloodstained altar of Trog.
  6644 | D:7      | Reached skill level 10 in Axes
  6982 | D:8      | Identified a scroll of acquirement
  6983 | D:8      | Got a fine broad axe
  6984 | D:8      | Identified the +8 broad axe "Aniogg" {holy, MR+ MP+9} (You acquired it on level 8 of the Dungeon)
  7110 | D:8      | Reached XP level 9. HP: 49/80 MP: 8/8
  7189 | D:8      | Found a staircase to the Lair.
  7194 | D:8      | Reached skill level 11 in Axes
  7490 | D:8      | Noticed Psyche
  7497 | D:8      | Killed Psyche
  7599 | D:8      | Noticed Prince Ribbit
  7610 | D:8      | Killed Prince Ribbit
  7610 | D:8      | Reached skill level 12 in Axes
  7741 | D:8      | Found a bloodstained altar of Trog.
  7744 | D:8      | Reached ***** piety under Trog
  7786 | D:9      | Identified A Beginning Course on Spellcasting
  7895 | D:9      | Reached XP level 10. HP: 77/91 MP: 9/9
  8256 | D:9      | Found a staircase to the Orcish Mines.
  8264 | D:9      | Reached skill level 13 in Axes
  8741 | D:9      | Received a gift from Trog
  8910 | D:10     | Entered Level 10 of the Dungeon
  8946 | D:10     | Reached skill level 10 in Fighting
  8946 | D:10     | Reached skill level 10 in Armour
  9322 | D:10     | Reached skill level 14 in Axes
  9566 | D:10     | Reached XP level 11. HP: 86/101 MP: 10/10
 10507 | D:12     | Got a polished great sword
 10509 | D:12     | Identified the +9 great sword "Zibisi" {vamp, Int+3 Dex+3} (You found it on level 12 of the Dungeon)
 10578 | D:12     | Noticed a hill giant
 10583 | D:12     | Killed a hill giant
 10583 | D:12     | Reached skill level 15 in Axes
 10728 | D:12     | Noticed a hill giant
 10735 | D:12     | Killed a hill giant
 10848 | D:12     | Got a faintly glowing hand crossbow
 11138 | D:12     | Noticed a six-headed hydra
 11147 | D:12     | Killed a ten-headed hydra
 11578 | D:12     | Noticed junkhipster's ghost (journeyman GrFi)
 11594 | D:12     | Killed junkhipster's ghost
 11802 | D:12     | Reached skill level 16 in Axes
 11916 | D:12     | Received a gift from Trog
 11972 | D:12     | Noticed a green ugly thing
 11975 | D:12     | Reached XP level 12. HP: 112/112 MP: 11/11
 12032 | D:12     | Identified the +6 hand crossbow "Noibaast" {velocity, rF++ MP+9} (You found it on level 12 of the Dungeon)
 12206 | D:12     | Got a pitted zirconium amulet
 12707 | D:12     | Identified the amulet of Disaster {Harm *Drain -Tele MR++ Dex+5} (You found it on level 12 of the Dungeon)
 12931 | D:12     | Reached skill level 17 in Axes
 13297 | D:12     | Got a smoking emerald amulet
 13443 | D:12     | Received a gift from Trog
 13864 | Temple   | Entered the Ecumenical Temple
 13984 | Temple   | Identified the amulet "Axak" {Inacc rC+ Str+2} (You found it on level 12 of the Dungeon)
 14099 | Lair:1   | Entered Level 1 of the Lair of Beasts
 14390 | Lair:1   | Received a gift from Trog
 15299 | Lair:2   | Reached XP level 13. HP: 116/122 MP: 12/12
 16319 | Lair:3   | Noticed Snorg
 16329 | Lair:3   | Killed Snorg
 16329 | Lair:3   | Reached skill level 18 in Axes
 16331 | Lair:3   | Received a gift from Trog
 17100 | Lair:3   | Found a hole to the Spider Nest.
 19903 | Lair:5   | Reached ****** piety under Trog
 20028 | Lair:5   | Reached skill level 19 in Axes
 20290 | Lair:5   | Received a gift from Trog
 21053 | Lair:6   | Reached XP level 14. HP: 70/133 MP: 13/13
 21076 | Lair:6   | Found a staircase to the Swamp.
 21778 | Lair:6   | Received a gift from Trog
 21781 | Lair:6   | Got a faintly glowing executioner's axe {god gift}
 21782 | Lair:6   | Identified the +10 executioner's axe of True Grit {speed, rElec rPois rC- Int+3 Dex+4} (Trog gifted it to you on level 6 of the Lair of Beasts)
 22867 | Lair:7   | Reached skill level 20 in Axes
 23147 | Lair:7   | Found a staircase to the Slime Pits.
 23225 | Lair:7   | Reached skill level 15 in Fighting
 23225 | Lair:7   | Reached skill level 1 in Shields
 23339 | Lair:7   | Received a gift from Trog
 23672 | Lair:8   | Entered Level 8 of the Lair of Beasts
 23679 | Lair:8   | Found a labyrinth entrance.
 23696 | Lab      | Entered a labyrinth
 24092 | Lab      | Identified the Collected Works on Mutagenic Conjuration
 24309 | Lair:8   | Found a dark tunnel.
 24318 | Volcano  | Entered a volcano
 24321 | Volcano  | Killed pedritolo's ghost
 24523 | Volcano  | Found a radiant altar of Vehumet.
 24527 | Volcano  | Reached skill level 15 in Armour
 24919 | Lair:8   | Found a snail-covered altar of Cheibriados.
 25940 | Lair:8   | Received a gift from Trog
 25947 | Lair:8   | Got a slimy dire flail {god gift}
 26604 | Lair:8   | Reached XP level 15. HP: 114/141 MP: 14/14
 27368 | D:13     | Reached skill level 5 in Shields
 27984 | D:13     | Reached skill level 21 in Axes
 28277 | D:13     | Got a sparkling ivory ring
 28361 | D:13     | Received a gift from Trog
 29360 | D:13     | Found a gate to the Vaults.
 30509 | D:14     | Found Mualac's Magic Scroll Shoppe.
 30516 | D:14     | Bought a scroll of blinking for 105 gold pieces
 30516 | D:14     | Bought a scroll of identify for 28 gold pieces
 30516 | D:14     | Bought a scroll of identify for 28 gold pieces
 30958 | D:15     | Entered Level 15 of the Dungeon
 30989 | D:14     | HP: 7/144 [skeletal warrior/scimitar[a skeletal warrior] (18)]
 31906 | D:15     | Found a staircase to the Depths.
 31922 | D:15     | Found a glowing silver altar of Zin.
 32664 | D:15     | Reached skill level 22 in Axes
 32959 | Orc:1    | Entered Level 1 of the Orcish Mines
 33298 | Orc:2    | Entered Level 2 of the Orcish Mines
 33304 | Orc:2    | Noticed nikopol's ghost (adept MiBe)
 33307 | Orc:2    | Found a staircase to the Elven Halls.
 33329 | Orc:2    | Received a gift from Trog
 33329 | Orc:2    | Slain by nikopol's ghost

Skill      XL: |  1  2  3  4  5  6  7  8  9 10 11 12 13 14 15 |
---------------+----------------------------------------------+-----
Armour         | 3 4 5 6 7 9 10 11 13 14 15 | 15.3
Axes           | 4 5 6 7 8 10 12 14 16 17 19 20 22 | 22.1
Fighting       | 4 5 6 7 9 10 11 13 14 15 16 | 16.6
Shields        | 4 8 |  8.0
Dodging        | |  2.1

Action                   |  1- 3 |  4- 6 |  7- 9 | 10-12 | 13-15 || total
-------------------------+-------+-------+-------+-------+-------++-------
Melee: Hand axe          |    74 |   131 |   163 |       |       ||   368
       Headbutt          |    12 |    23 |    53 |   111 |   274 ||   473
       War axe           |       |       |    10 |       |       ||    10
       Broad axe         |       |       |    79 |   577 |  1104 ||  1760
       Executioner's axe |       |       |       |       |    87 ||    87
       Morningstar       |       |       |       |       |    18 ||    18
Invok: Berserk           |       |     2 |     1 |     6 |    19 ||    28
       Trog's Hand       |       |       |     2 |     4 |     9 ||    15
  Use: Scroll            |       |     8 |     5 |    10 |     9 ||    32
       Potion            |       |     6 |     4 |       |    10 ||    20
 Stab: Distracted        |     1 |       |       |       |       ||     1
       Sleeping          |     1 |       |       |       |       ||     1
  Eat: Chunk             |     2 |    10 |    14 |    32 |    58 ||   116
       Fruit             |       |       |       |     6 |    15 ||    21
       Beef jerky        |       |       |       |     1 |     2 ||     3
       Pizza             |       |       |       |       |     1 ||     1
       Meat ration       |       |       |       |       |     1 ||     1
Armor: Animal skin       |     8 |       |       |       |       ||     8
       Scale mail        |     1 |    34 |       |       |       ||    35
       Chain mail        |       |       |    90 |       |   353 ||   443
       Plate armour      |       |       |    55 |   293 |   299 ||   647
Dodge: Dodged            |    54 |    70 |   118 |   182 |   324 ||   748
Block: Shield            |       |       |       |       |   367 ||   367
